 Dungeon Crawl Stone Soup version 0.26-a0-84-g8c18429211 (webtiles) character file.

Game seed: 70482439677497906

586730 MrRokkomies the Spry (level 25, -13/135 HPs)
             Began as a Spriggan Abyssal Knight on June 18, 2020.
             Was the Champion of Lugonu.
             Killed by the raging water
             ... invoked by a water nymph
              (22 damage)
             ... on level 4 of the Depths on June 21, 2020.
             The game lasted 05:18:37 (75832 turns).

MrRokkomies the Spry (Spriggan Abyssal Knight)     Turns: 75832, Time: 05:18:40

Health: -13/135    AC: 16    Str: 11    XL:     25   Next: 54%
Magic:  47/47      EV: 35    Int: 18    God:    Lugonu [******]
Gold:   3299       SH: 14    Dex: 24    Spells: 5/44 levels left

rFire    + . .     SeeInvis +   a - +12 Vampire's Tooth {vamp}
rCold    + . .     Gourm    .   W - +0 buckler {rN+}
rNeg     + . .     Faith    .   d - quicksilver dragon scales
rPois    +         Spirit   .   p - +2 hat
rElec    +         Reflect  +   e - +2 cloak {rPois}
rCorr    .         Harm     .   (gloves unavailable)
MR       +++++                  (boots unavailable)
Stlth    +++.......             U - amulet of Ublut {Reflect rC+ MR+ SH+5}
HPRegen  0.32/turn              x - ring "Hiumyir" {rPois rC+ MP+9 Dex+6}
MPRegen  0.30/turn              k - ring "Vuatexoja" {Fire +Inv rElec Str-2 Slay+6}

@: slow
A: very small, unfitting armour, beak, see invisible, herbivore, speed 3,
mutation resistance 1, slow metabolism 2
}: 4/15 runes: serpentine, barnacled, silver, abyssal
a: Depart the Abyss, Bend Space, Banish, Corrupt, Enter the Abyss, Renounce
Religion, Evoke Invisibility


You were on level 4 of the Depths.
You worshipped Lugonu.
Lugonu was exalted by your worship.
You were not hungry.

You visited 9 branches of the dungeon, and saw 46 of its levels.
You visited the Abyss 3 times.
You visited 1 bazaar.
You also visited: Trove, Sewer and Bailey.

You collected 8345 gold pieces.
You spent 5046 gold pieces at shops.

Inventory:

Hand Weapons
 a - the +12 Vampire's Tooth (weapon) {vamp}
   (You bought it in a shop on level 2 of the Orcish Mines)

   It inflicts no extra harm, but heals its wielder when it wounds a living foe.
 b - a +9 fustibalus of flaming
 w - a +9 dagger of distortion
Missiles
 L - 13 throwing nets (quivered)
 X - 331 sling bullets
Armour
 d - quicksilver dragon scales (worn)
 e - a +2 cloak of poison resistance (worn)
 p - a +2 hat (worn)
 W - a +0 buckler of positive energy (worn)
Magical Staves
 s - an uncursed staff of energy
Jewellery
 k - the ring "Vuatexoja" (right hand) {Fire +Inv rElec Str-2 Slay+6}
   (You found it on level 11 of the Dungeon)

   [ring of fire]

   It enhances your fire magic.
   It affects your strength (-2).
   It affects your accuracy and damage with ranged weapons and melee attacks
   (+6).
   It protects you from fire.
   It makes you vulnerable to cold.
   It insulates you from electricity.
   It lets you turn invisible.
 n - the ring "Unuoschoff" {rF+ rC+ rN++ Int-2}
   (You found it on level 3 of the Elven Halls)

   [ring of protection from fire]

   It affects your intelligence (-2).
   It protects you from fire.
   It protects you from cold.
   It greatly protects you from negative energy.
 x - the ring "Hiumyir" (left hand) {rPois rC+ MP+9 Dex+6}
   (You acquired it on level 10 of the Dungeon)

   [ring of dexterity]

   It affects your dexterity (+6).
   It protects you from cold.
   It protects you from poison.
   It affects your magic capacity (+9).
 P - an uncursed ring of resist corrosion
 U - the amulet of Ublut (around neck) {Reflect rC+ MR+ SH+5}
   (You bought it in a shop on level 3 of the Depths)

   [amulet of reflection]

   It shields you and reflects attacks.
   It protects you from cold.
   It affects your resistance to hostile enchantments.
   It affects your SH (+5).
Wands
 o - a wand of iceblast (38)
 y - a wand of enslavement (45)
 E - a wand of digging (27)
 H - a wand of clouds (20)
 J - a wand of paralysis (6)
 T - a wand of acid (31)
 Z - a wand of polymorph (8)
Scrolls
 f - 29 scrolls of remove curse
 i - 27 scrolls of teleportation
 m - 12 scrolls of blinking
 v - a scroll of summoning
 z - 2 scrolls of amnesia
 A - 4 scrolls of magic mapping
 B - 8 scrolls of fog
 G - 5 scrolls of fear
 I - 21 scrolls of identify
 M - 5 scrolls of silence
 O - 7 scrolls of immolation
 R - a scroll of enchant weapon
Potions
 g - 7 potions of magic
 j - 3 potions of cancellation
 l - 12 potions of brilliance
 q - 5 potions of heal wounds
 r - 6 potions of stabbing
 u - 4 potions of resistance
 C - 10 potions of might
 D - 28 potions of curing
 K - 6 potions of berserk rage
 N - 7 potions of haste
 V - 4 potions of flight
 Y - 2 potions of invisibility
Miscellaneous
 h - a lightning rod (4/4)
 t - a phial of floods
 F - 5 phantom mirrors
 Q - 6 boxes of beasts
 S - a tin of tremorstones (3/3)
Comestibles
 c - 54 rations


   Skills:
 - Level 15.0 Fighting
 - Level 10.0 Short Blades
 - Level 14.0 Slings
 - Level 5.0 Armour
 - Level 20.4 Dodging
 - Level 12.0 Stealth
 - Level 7.2 Shields
 - Level 10.0 Spellcasting
 * Level 16.1 Conjurations
 * Level 9.1 Summonings
 - Level 5.0 Translocations
 - Level 11.0 Transmutations
 - Level 15.2 Earth Magic
 + Level 16.3 Invocations
 + Level 18.8 Evocations


You had 5 spell levels left.
You knew the following spells:

 Your Spells              Type           Power        Failure   Level  Hunger
a - Blink                 Tloc           N/A          3%          2    None
b - Passwall              Tmut/Erth      ######..     1%          2    None
c - Petrify               Tmut/Erth      ######..     1%          4    ###....
d - Lee's Rapid Deconstr  Erth           ######....   1%          5    #####..
e - Iron Shot             Conj/Erth      ######....   4%          6    ######.
f - Statue Form           Tmut/Erth      ######...    12%         6    ######.
g - Orb of Destruction    Conj           ######....   19%         7    #######
h - Spellforged Servitor  Conj/Summ      ######....   63%         7    #######

Your spell library contained the following spells:

 Spells                   Type           Power        Failure   Level  Hunger
 Foxfire                  Conj/Fire      ####         1%          1    None
 Magic Dart               Conj           ####         1%          1    None
 Sandblast                Erth           ######       1%          1    None
 Shock                    Conj/Air       ####         1%          1    None
 Summon Butterflies       Summ           #####...     1%          1    None
 Call Imp                 Summ           #####...     1%          2    None
 Call Canine Familiar     Summ           #####...     1%          3    None
 Conjure Flame            Conj/Fire      ######..     1%          3    None
 Dazzling Flash           Conj/Hex       #####.       1%          3    None
 Static Discharge         Conj/Air       #####...     1%          3    None
 Stone Arrow              Conj/Erth      ######       1%          3    None
 Irradiate                Conj/Tmut      ######....   1%          5    #####..
 Apportation              Tloc           ####..       2%          1    None
 Mephitic Cloud           Conj/Pois/Air  ####....     6%          3    None
 Sticky Flame             Conj/Fire      ######..     6%          4    ###....
 Lesser Beckoning         Tloc           ####......   7%          3    None
 Teleport Other           Tloc           ####....     7%          3    None
 Bolt of Magma            Conj/Fire/Erth ######....   7%          5    #####..
 Leda's Liquefaction      Hex/Erth       #####.....   8%          4    ###....
 Shroud of Golubria       Chrm/Tloc      ###...       10%         2    None
 Ignite Poison            Fire/Tmut/Pois ####....     12%         3    None
 Animate Skeleton         Necr           N/A          17%         1    None
 Corona                   Hex            #......      17%         1    None
 Infusion                 Chrm           #...         17%         1    None
 Pain                     Necr           #...         17%         1    None
 Fireball                 Conj/Fire      ######....   17%         5    #####..
 Iskenderun's Battlesphe  Conj/Chrm      #####...     17%         5    #####..
 Lightning Bolt           Conj/Air       #####.....   17%         5    #####..
 Portal Projectile        Hex/Tloc       ###...       19%         3    None
 Ice Form                 Ice/Tmut       ####....     19%         4    ###....
 Corpse Rot               Necr/Air       N/A          26%         2    None
 Ensorcelled Hibernation  Hex/Ice        #.....       26%         2    None
 Poisonous Vapours        Pois/Air       #.....       26%         2    None
 Slow                     Hex            #.......     26%         2    None
 Song of Slaying          Chrm           #.......     26%         2    None
 Sublimation of Blood     Necr           #.........   26%         2    None
 Swiftness                Chrm/Air       #.......     26%         2    None
 Summon Ice Beast         Ice/Summ       ####....     26%         4    ###....
 Summon Lightning Spire   Summ/Air       ####....     26%         4    ###....
 Summon Forest            Summ/Tloc      ####......   26%         5    #####..
 Confusing Touch          Hex            #.......     45%         3    None
 Inner Flame              Hex/Fire       ##......     45%         3    None
 Ozocubu's Armour         Chrm/Ice       #.......     45%         3    None
 Spectral Weapon          Hex/Chrm       #.......     45%         3    None
 Tukima's Dance           Hex            #.......     45%         3    None
 Vampiric Draining        Necr           #.........   45%         3    None
 Alistair's Intoxication  Tmut/Pois      ####....     45%         5    #####..
 Summon Mana Viper        Hex/Summ       ####....     58%         5    #####..
 Airstrike                Air            #.........   86%         4    ###....
 Animate Dead             Necr           N/A          86%         4    ###....
 Cause Fear               Hex            #.........   86%         4    ###....
 Dispel Undead            Necr           #.......     86%         4    ###....
 Olgreb's Toxic Radiance  Pois           #.......     86%         4    ###....
 Agony                    Necr           #.......     99%         5    #####..
 Excruciating Wounds      Chrm/Necr      #.........   99%         5    #####..
 Metabolic Englaciation   Hex/Ice        #.........   99%         5    #####..
 Silence                  Hex/Air        #.........   99%         5    #####..
 Hydra Form               Tmut           #####.....   28%         6    ######.
 Conjure Ball Lightning   Conj/Air       #####.....   67%         6    ######.
 Starburst                Conj/Fire      ######....   67%         6    ######.
 Dragon Form              Tmut           #####.....   85%         7    #######
 Eringya's Noxious Bog    Tmut/Pois      ####......   95%         6    ######.
 Freezing Cloud           Conj/Ice/Air   ####......   96%         6    ######.
 Summon Hydra             Summ           #####.....   98%         7    #######
 Invisibility             Hex            #.......     100%        6    ######.
 Ozocubu's Refrigeration  Ice            #.........   100%        6    ######.
 Simulacrum               Ice/Necr       #.........   100%        6    ######.
 Haunt                    Necr/Summ      ####......   100%        7    #######
 Ring of Flames           Chrm/Fire      ##........   100%        7    #######
 Borgnjor's Revivificati  Necr           #.........   100%        8    #######
 Death's Door             Chrm/Necr      #.........   100%        8    #######
 Disjunction              Tloc           ####......   100%        8    #######
 Ignition                 Fire           ##........   100%        8    #######
 Infestation              Necr           #.........   100%        8    #######
 Necromutation            Tmut/Necr      ####......   100%        8    #######
 Dragon's Call            Summ           #####.....   100%        9    #######
 Shatter                  Erth           ######....   100%        9    #######
 Tornado                  Air            #.........   100%        9    #######


Dungeon Overview and Level Annotations

Branches:
Dungeon (15/15)            Temple (0/1) D:4            Lair (6/6) D:9
 Shoals (4/4) Lair:2        Snake (4/4) Lair:4        Slime (0/5) Lair:6
    Orc (2/2) D:11            Elf (3/3) Orc:2        Vaults (5/5) D:14
  Crypt (3/3) Vaults:2       Tomb (0/3) Crypt:3      Depths (4/5) D:15
  Sewer (visited)          Bailey (visited)

Altars:
Dithmenos
Fedhas
Gozag
Okawaru
Qazlal
Ru
Sif Muna
Uskayaw
Wu Jian
Xom
Yredelemnul
Zin

Shops:
D:10 ?   D:11 ([   D:12 }   D:13 **((   Orc:2 [}(%   Shoals:4 [}:*   Snake:3 [
Depths:2 (   Depths:3 [=

Portals:
Hell: Depths:1 Depths:2 Depths:3
Abyss: Depths:2
Pandemonium: Depths:2 Depths:3
Ziggurat: Depths:4

Annotations:
Shoals:4 corrupted
Snake:4 corrupted
Orc:1 corrupted
Elf:3 corrupted
Vaults:5 corrupted
Crypt:2 corrupted
Abyss:1 Khufu


Innate Abilities, Weirdness & Mutations

You are very small and have problems with some larger weapons.
You are too small for most types of armour.
You have supernaturally acute eyesight. (SInv)
You are a herbivore.
You cover ground extremely quickly.
You need to consume almost no food.
You have a beak for a mouth.
You are somewhat resistant to further mutation.


Message History

The water nymph casts a spell at you. The water swirls and strikes you!!
You are too injured to fight recklessly!
You are too injured to fight recklessly!
You are too injured to fight recklessly!
Your unstable footing causes you to fumble your attack.
The water nymph gestures at you while chanting.
The water swirls and strikes you!!!
* * * LOW HITPOINT WARNING * * *
You puncture the water nymph!
The water nymph is almost dead.
The spriggan berserker prays to Trog.
The spriggan berserker goes berserk!
You feel much better.
The water nymph points at you and mumbles some strange words.
The water swirls and strikes you!!
* * * LOW HITPOINT WARNING * * *
The water nymph points at you and mumbles some strange words.
The water swirls and strikes you!!
You die...

777..P.P.P.P.#.≈≈≈..# #.77
7....P.P.P.P.#≈.≈≈..# #..7
7....P.P.P)P.#..≈≈.(# #..7
7...P.P.P.P.#..≈≈i.# #.77
77...P.P)P.P.#(.≈≈..# #.77
7........)[.≈≈ic.≈≈..# #..7
7...........)mi......+ #..7
.77...P.P.P.Pm#......# #..7
7....P.P.P.P@############..7
77...P.P.P.P..............77


7....P.P.P.P.PPPPPPPPPPPP..7 77...P.P.P.P..............77
7...P.P.P.P.PPPPPPPPPPPP..7 77..P.P.P.P...............7
77..P.P.P.P.PPPPPPPPPPPP..7 7........................77
7................[........7 You could see a spriggan defender, a satyr, a
spriggan berserker (berserk) and 2 water nymphs.

Vanquished Creatures
  Bai Suzhen (Shoals:4)
  Frederick (Crypt:2)
  Margery (Depths:3)
  Saint Roka (Crypt:2)
  Vashnia (Snake:3)
  Nikola (Shoals:2)
  A golden dragon (Depths:3)
  A profane servitor (Crypt:3)
  A bone dragon (Crypt:3)
  2 hellephants (Abyss:4)
  7 tentacled monstrosities (Vaults:5)
  Rupert (Lair:5)
  2 titans
  2 liches
  Asterion (Elf:2)
  A deep elf blademaster (Elf:3)
  2 tentacled starspawn
  Polyphemus (Shoals:2)
  Frances (Shoals:2)
  4 sphinxes
  3 ancient champions
  9 tengu reavers
  3 shadow dragons (Vaults:5)
  Agnes (Elf:2)
  2 storm dragons
  6 nagarajas
  A revenant (Crypt:3)
  4 deep elf sorcerers
  6 fire giants
  Aizul (Snake:3)
  13 frost giants
  2 draconian shifters (Abyss:4)
  22 vault wardens
  Louise (Depths:2)
  7 ghouls
  17 very ugly things
  A war gargoyle (Vaults:5)
  A deep elf elementalist (Vaults:5)
  A caustic shrike skeleton (Depths:2)
  23 ironheart preservers
  2 entropy weavers
  24 stone giants
  3 deep elf demonologists
  10 vampire knights
  Azrael (Snake:2)
  8 spark wasps (Depths:2)
  4 deep elf annihilators
  4 dire elephants (Abyss:4)
  13 ettins
  11 eidola
  2 merfolk javelineers
  A mummy priest (Crypt:1)
  5 deep elf death magi
  9 fire dragons
  A quicksilver dragon zombie (Crypt:3)
  Josephine (Orc:2)
  14 yaktaur captains
  9 jiangshi
  2 deep elf high priests
  7 merfolk impalers
  5 great orbs of eyes
  Erolcha (D:11)
  10 ice dragons
  6 naga warriors
  7 rakshasas
  Fannar (Orc:1)
  A servant of whispers (Elf:2)
  Harold (D:8)
  A great orb of eyes (shapeshifter) (Vaults:5)
  A quicksilver dragon skeleton (Depths:2)
  14 centaur warriors
  4 hydras
  17 vault guards
  An anaconda (shapeshifter) (Elf:2)
  11 anacondas
  4 spriggan air magi
  A catoblepas (Shoals:3)
  5 merfolk avatars
  36 two-headed ogres
  Erica (Lair:1)
  7 death knights
  3 merfolk aquamancers
  18 ogre magi
  2 two-headed ogres (shapeshifter)
  4 death yaks (Shoals:2)
  5 tengu warriors
  5 vampire magi
  19 dancing weapons
  4 deep troll earth magi
  3 satyrs
  18 deep troll shamans
  16 naga sharpshooters
  2 spriggan berserkers
  9 shock serpents
  Urug (D:11)
  A soul eater (Crypt:2)
  22 deep elf knights
  3 orc high priests
  3 iron trolls
  21 skeletal warriors
  2 wretched stars
  3 hell knights (Depths:3)
  2 shadow wraiths
  4 salamander mystics
  A death drake (shapeshifter) (Depths:2)
  6 glowing orange brains
  3 anaconda zombies
  24 deep trolls
  2 spatial maelstroms (Abyss:4)
  3 wizards
  12 sea snakes
  4 unseen horrors
  5 naga ritualists
  14 ironbrand convokers
  A sphinx zombie (Vaults:5)
  15 deep elf archers
  Pikel (D:4)
  6 flayed ghosts
  22 orc knights
  52 deep elf magi
  14 harpies
  7 necromancers
  2 large abominations
  A harpy (shapeshifter) (Depths:2)
  22 phantasmal warriors
  44 ugly things
  A wolf spider zombie (Crypt:3)
  4 mana vipers
  2 tengu skeletons (Vaults:2)
  A fire giant zombie (Crypt:3)
  A wolf spider (shapeshifter) (Depths:3)
  5 orc sorcerers
  10 cyclopes
  13 fauns
  3 wolf spiders
  A cyclops (shapeshifter) (Depths:1)
  13 salamanders
  A shining eye (shapeshifter) (Vaults:2)
  A salamander (shapeshifter) (Vaults:1)
  3 oklob plants (Lair:6)
  15 manticores
  2 frost giant skeletons
  Maurice (Orc:1)
  4 elephants
  8 water nymphs
  11 merfolk sirens
  40 black mambas
  2 spiny frogs (shapeshifter)
  18 naga magi
  14 vault sentinels
  An eye of devastation (shapeshifter) (Vaults:5)
  3 guardian serpents
  A guardian serpent (shapeshifter) (Depths:1)
  7 spiny frogs
  2 smoke demons
  A gargoyle (D:13)
  6 rime drakes
  6 kobold demonologists
  A rime drake (shapeshifter) (Elf:3)
  2 efreet
  13 freezing wraiths
  A yaktaur zombie (Vaults:5)
  2 guardian mummies (Crypt:3)
  4 komodo dragons
  72 yaktaurs
  4 red devils (D:15)
  3 tengu conjurers
  A yellow draconian skeleton (Crypt:1)
  28 merfolk
  7 trolls
  2 trolls (shapeshifter)
  Grinder (Abyss:1)
  5 wind drakes
  An ancient zyme (Abyss:1)
  A hydra zombie (Crypt:3)
  A jumping spider (shapeshifter) (Elf:2)
  A red draconian skeleton (Crypt:2)
  A queen bee (shapeshifter) (Depths:2)
  A hornet (shapeshifter) (Vaults:4)
  5 hornets
  2 polar bears
  6 blink frogs
  A hydra skeleton (Abyss:4)
  16 hippogriffs
  2 saltlings (Elf:2)
  62 slime creatures
  7 dream sheep
  4 raiju (Abyss:1)
  A hippogriff (shapeshifter) (Vaults:2)
  2 iron dragon simulacra (Crypt:2)
  8 snapping turtles
  Prince Ribbit (D:8)
  3 ettin zombies
  A dream sheep (shapeshifter) (D:14)
  An ice dragon zombie (Crypt:2)
  7 flying skulls
  A vampire (D:13)
  4 air elementals
  A centaur simulacrum (D:15)
  Sigmund (D:2)
  A tarantella (shapeshifter) (Depths:4)
  8 water elementals
  6 wyverns
  An ettin skeleton (Crypt:1)
  3 redbacks
  3 spriggans
  2 shadows (D:14)
  2 ynoxinuls (Abyss:4)
  A hog (shapeshifter) (Vaults:1)
  15 wraiths
  32 yaks
  An elf simulacrum (Vaults:5)
  7 basilisks
  4 fire elementals
  A neqoxec (Abyss:2)
  A basilisk (shapeshifter) (Vaults:1)
  An elf skeleton (Vaults:5)
  A golden eye (shapeshifter) (Elf:3)
  A yaktaur simulacrum (Vaults:1)
  5 hungry ghosts
  4 vampire mosquitoes (D:12)
  A chaos spawn (Abyss:2)
  A monstrous demonspawn zombie (Crypt:2)
  4 spatial vortices (Abyss:4)
  An acid dragon (Vaults:2)
  5 wargs
  49 nagas
  2 hell hounds
  9 water moccasins
  A monstrous demonspawn skeleton (Crypt:1)
  3 porcupines
  4 sky beasts
  Duvessa (Abyss:1)
  6 ice beasts
  A spiny frog skeleton (Crypt:1)
  64 orc warriors
  A hornet zombie (D:9)
  2 small abominations (Abyss:1)
  3 phantoms
  2 ettin simulacra
  45 ogres
  32 wolves
  15 necrophages
  6 boggarts
  24 centaurs
  9 crocodiles
  7 big kobolds
  A gnoll sergeant (Orc:1)
  A rime drake skeleton (Crypt:1)
  16 bullfrogs
  An earth elemental (Elf:3)
  A spriggan zombie (Crypt:2)
  Dowan (D:6)
  5 wyvern skeletons (Crypt:3)
  A cyclops skeleton (Crypt:1)
  3 scorpions
  9 killer bees
  A troll skeleton (Crypt:1)
  2 howler monkeys (D:13)
  20 wights
  3 electric eels
  10 crimson imps
  A basilisk zombie (Crypt:1)
  2 quasits
  3 bullfrog zombies
  4 centaur zombies
  10 hounds
  7 jellies
  33 orc priests
  4 bullfrog skeletons
  3 centaur skeletons
  17 orc wizards
  An iguana (D:6)
  7 worker ants
  A killer bee zombie (D:9)
  A dwarf skeleton (Crypt:2)
  A hound skeleton (D:6)
  3 mummies
  2 howler monkey skeletons
  21 adders
  5 gnolls
  7 river rats (Sewer)
  A shadow imp (D:14)
  A white imp (Abyss:1)
  An ufetubus (Abyss:1)
  6 worms
  6 dart slugs
  13 leopard geckos
  115 orcs
  8 giant cockroaches
  A gnoll zombie (Crypt:1)
  20 goblins
  14 hobgoblins
  7 jackals
  52 kobolds
  7 quokkas
  14 ball pythons
  12 bats
  5 frilled lizards
  A jackal zombie (Crypt:2)
  A leopard gecko skeleton (D:4)
  A quokka skeleton (D:7)
  A quokka zombie (D:7)
  36 rats
  4 plants (Lair:6)
2276 creatures vanquished.

Vanquished Creatures (collateral kills)
  A dire elephant (Lair:6)
  2 hell knights (Depths:3)
3 creatures vanquished.

Vanquished Creatures (others)
  2 greater mummies
  A deep elf blademaster (Elf:3)
  A deep elf master archer (Elf:3)
  2 shadow dragons (Vaults:5)
  A tengu reaver (Vaults:5)
  4 nagarajas (Snake:4)
  2 fire giants
  5 deep elf sorcerers (Elf:3)
  An orc warlord (Orc:1)
  4 ghouls
  A deep elf elementalist (Elf:3)
  2 stone giants
  An ironheart preserver (Vaults:5)
  A vampire knight (Crypt:1)
  6 deep elf demonologists (Elf:3)
  4 deep elf annihilators (Elf:3)
  A dire elephant (Lair:6)
  2 ettins
  3 eidola (Crypt:3)
  2 merfolk javelineers (Shoals:4)
  3 deep elf death magi (Elf:3)
  3 merfolk impalers (Shoals:4)
  A fire dragon (Elf:3)
  3 deep elf high priests (Elf:3)
  10 jiangshi
  A hydra (Lair:1)
  14 vault guards (Vaults:5)
  3 naga warriors (Snake:4)
  An anaconda (Lair:6)
  A merfolk avatar (Shoals:4)
  2 deep troll shamans
  A deep troll earth mage (Vaults:5)
  4 vampire magi
  7 naga sharpshooters (Snake:4)
  A dancing weapon (Elf:3)
  4 orc high priests (Orc:2)
  3 titan zombies (Crypt:3)
  A deep elf knight (Elf:3)
  4 slime creatures
  4 skeletal warriors
  2 sea snakes (Shoals:4)
  A deep troll (Vaults:5)
  2 flayed ghosts
  2 naga ritualists (Snake:4)
  2 shadow dragon zombies (Crypt:3)
  5 orc knights
  2 deep elf archers (Elf:3)
  A sphinx zombie (Crypt:2)
  A necromancer (Vaults:5)
  5 phantasmal warriors
  An ugly thing (D:12)
  A cyclops (D:11)
  An iron dragon zombie (Crypt:3)
  2 orc sorcerers
  3 deep elf magi
  A fire giant zombie (Crypt:3)
  2 manticores (Shoals:4)
  3 stone giant zombies
  3 salamanders (Snake:4)
  A guardian serpent (Snake:4)
  A vault sentinel (Vaults:5)
  A centaur zombie (D:12)
  4 black mambas
  3 elephants (Lair:6)
  13 naga magi (Snake:4)
  2 spiny frogs (Lair:2)
  A centaur skeleton (D:13)
  A polar bear (Lair:3)
  3 merfolk (Shoals:4)
  A queen bee (Orc:1)
  An elf skeleton (Vaults:5)
  A hornet (D:12)
  A fire dragon zombie (Crypt:3)
  2 blink frogs
  3 hippogriffs
  A snapping turtle (Shoals:4)
  A human simulacrum (Vaults:2)
  A dream sheep (Lair:5)
  A flying skull (Crypt:1)
  14 yaks
  3 wraiths (Orc:2)
  A wyvern (Lair:6)
  4 wargs
  9 nagas (Snake:4)
  2 water moccasins (Lair:6)
  2 sky beasts
  13 orc warriors
  An ogre (Vaults:1)
  A wolf (D:9)
  A centaur (D:11)
  3 crocodiles
  A bullfrog (D:12)
  19 killer bees (Orc:1)
  A wight (D:4)
  A jelly (D:11)
  7 orc priests
  A human skeleton (Crypt:2)
  5 orc wizards
  A worker ant (D:12)
  2 small abominations
  A hound skeleton (D:11)
  A worm (D:4)
  14 orcs
  A goblin (Bailey)
  2 kobolds
  A leopard gecko skeleton (Crypt:2)
  3 crawling corpses (Elf:3)
  5 fungi
  18 plants
  41 starspawn tentacles
  2 withered plants (Crypt:3)
381 creatures vanquished.

Grand Total: 2660 creatures vanquished

Notes
Turn   | Place    | Note
-------+----------+-------------------------------------------
     0 | Abyss:1  | MrRokkomies the Spriggan Abyssal Knight began the quest for
                  | the Orb.
     0 | Abyss:1  | Reached XP level 1. HP: 11/11 MP: 3/3
    50 | Abyss:1  | Noticed an ancient zyme
    88 | Abyss:1  | Noticed a worldbinder
    91 | Abyss:1  | Noticed a tarantella
    91 | Abyss:1  | Noticed a jumping spider
    92 | Abyss:1  | Noticed a jumping spider
    92 | Abyss:1  | Noticed a tarantella
    92 | Abyss:1  | Noticed a tarantella
   104 | Abyss:1  | Noticed an orb spider
   109 | Abyss:1  | Noticed a tentacled starspawn
   113 | Abyss:1  | Noticed a neqoxec
   118 | Abyss:1  | Noticed an ancient zyme
   139 | Abyss:1  | Noticed a small abomination
   147 | D:1      | Escaped the Abyss
   592 | D:1      | Reached XP level 2. HP: 16/16 MP: 4/4
   597 | D:1      | Reached skill level 1 in Stealth
  1033 | D:1      | Reached skill level 4 in Dodging
  1033 | D:1      | Reached XP level 3. HP: 19/19 MP: 5/5
  1072 | D:1      | Reached ** piety under Lugonu
  2463 | D:2      | Reached XP level 4. HP: 19/23 MP: 7/7
  3616 | D:2      | Found an opulent altar of Gozag.
  3618 | D:2      | Noticed Sigmund
  3622 | D:2      | Killed Sigmund
  3622 | D:2      | Reached XP level 5. HP: 27/27 MP: 8/8
  3651 | D:2      | Reached XP level 6. HP: 18/32 MP: 9/9
  3848 | D:2      | Reached skill level 5 in Dodging
  4461 | D:3      | Reached *** piety under Lugonu
  4983 | D:3      | Found a basalt altar of Yredelemnul.
  5114 | D:3      | Gained mutation: You occasionally shout uncontrollably at
                  | your foes. [potion of mutation]
  5114 | D:3      | Gained mutation: You are partially covered in rugged brown
                  | scales. (AC +1, +3% HP) [potion of mutation]
  5114 | D:3      | Gained mutation: You are partially covered in large bone
                  | plates. (SH +4) [potion of mutation]
  5456 | D:3      | Lost mutation: You are partially covered in large bone
                  | plates. (SH +4) [potion of mutation]
  5456 | D:3      | Lost mutation: You occasionally shout uncontrollably at
                  | your foes. [potion of mutation]
  5456 | D:3      | Gained mutation: You can translocate small distances at
                  | will. [potion of mutation]
  5456 | D:3      | Gained mutation: You are frail. (-10% HP) [potion of
                  | mutation]
  5456 | D:3      | Gained mutation: You are somewhat resistant to further
                  | mutation. [potion of mutation]
  5456 | D:3      | Gained mutation: You have a beak for a mouth. [potion of
                  | mutation]
  5457 | D:3      | Lost mutation: You can translocate small distances at will.
                  | [potion of mutation]
  5457 | D:3      | Lost mutation: You are frail. (-10% HP) [potion of
                  | mutation]
  5457 | D:3      | Lost mutation: You are partially covered in rugged brown
                  | scales. (AC +1, +3% HP) [potion of mutation]
  5663 | D:3      | Reached skill level 5 in Short Blades
  6090 | D:4      | Reached **** piety under Lugonu
  6090 | D:4      | Reached XP level 7. HP: 35/35 MP: 11/11
  6503 | D:4      | Found a glowing drain.
  6533 | Sewer    | Entered a sewer
  6611 | Sewer    | Reached skill level 5 in Invocations
  6618 | Sewer    | Reached skill level 6 in Dodging
  6625 | Sewer    | Reached skill level 5 in Stealth
  7270 | Sewer    | Reached ***** piety under Lugonu
  7280 | Sewer    | Reached XP level 8. HP: 22/39 MP: 11/13
  7473 | D:4      | Noticed Pikel
  7492 | D:4      | Killed Pikel
  7492 | D:4      | Reached skill level 7 in Dodging
  7632 | D:4      | Found a staircase to the Ecumenical Temple.
  7841 | D:5      | Entered Level 5 of the Dungeon
  7935 | D:5      | Noticed Grinder
  7937 | D:5      | Banished Grinder
  7937 | D:5      | Reached skill level 1 in Slings
  8162 | D:5      | Found a blossoming altar of Fedhas.
  8275 | D:5      | Reached XP level 9. HP: 43/43 MP: 15/15
  8767 | D:6      | Noticed Dowan
  8885 | D:6      | Noticed Duvessa
  8888 | D:6      | Killed Dowan
  8889 | D:6      | Banished Duvessa
  9249 | D:6      | Reached skill level 8 in Dodging
 10177 | D:7      | Found an ornate altar of the Wu Jian Council.
 11298 | D:8      | Reached skill level 9 in Dodging
 11371 | D:8      | Reached XP level 10. HP: 47/47 MP: 17/17
 11420 | D:8      | Noticed Prince Ribbit
 11426 | D:8      | Killed Prince Ribbit
 11500 | D:8      | Noticed a two-headed ogre
 11509 | D:8      | Killed a two-headed ogre
 11509 | D:8      | Reached skill level 10 in Short Blades
 11509 | D:8      | Reached skill level 5 in Slings
 11708 | D:8      | Noticed Harold
 11735 | D:8      | Killed Harold
 11735 | D:8      | Reached skill level 1 in Evocations
 11846 | D:8      | Found a glowing silver altar of Zin.
 12140 | D:9      | Reached skill level 10 in Dodging
 12750 | D:9      | Learned a level 4 spell: Airstrike
 12853 | D:9      | Found a staircase to the Lair.
 13003 | D:9      | Reached skill level 10 in Invocations
 13212 | Lair:1   | Entered Level 1 of the Lair of Beasts
 13214 | Lair:1   | Noticed a five-headed hydra
 13217 | Lair:1   | Banished a five-headed hydra
 13238 | D:9      | Reached XP level 11. HP: 26/53 MP: 15/19
 14916 | D:9      | Reached skill level 5 in Fighting
 15297 | Lair:1   | Reached ****** piety under Lugonu
 15435 | Lair:1   | Identified a +8 dagger of distortion (a +6 dagger of
                  | freezing corrupted by Lugonu)
 15435 | Lair:1   | Received a gift from Lugonu
 15512 | Lair:1   | Learned a level 2 spell: Passwall
 15522 | Lair:1   | Reached skill level 5 in Evocations
 15594 | Lair:1   | Reached skill level 11 in Dodging
 16069 | Lair:1   | Noticed a five-headed hydra
 16076 | Lair:1   | Killed a five-headed hydra
 16213 | Lair:1   | Noticed Erica
 16226 | Lair:1   | Killed Erica
 16497 | Lair:2   | Found a staircase to the Shoals.
 17331 | Lair:3   | Identified a scroll of acquirement
 17367 | Lair:3   | Reached XP level 12. HP: 62/62 MP: 21/21
 17568 | Lair:3   | Reached skill level 1 in Shields
 18086 | Lair:4   | Noticed a four-headed hydra
 18093 | Lair:4   | Killed a four-headed hydra
 18290 | Lair:4   | Found a staircase to the Snake Pit.
 19950 | Lair:5   | Noticed Rupert
 19963 | Lair:5   | Killed Rupert
 19963 | Lair:5   | Reached skill level 10 in Evocations
 20202 | Lair:5   | Reached skill level 1 in Earth Magic
 20211 | Lair:5   | Reached XP level 13. HP: 52/67 MP: 23/23
 20448 | Lair:6   | Entered Level 6 of the Lair of Beasts
 20505 | Lair:6   | Found a staircase to the Slime Pits.
 20628 | Lair:6   | Reached skill level 5 in Shields
 21001 | Lair:6   | Found the +2 Maxwell's thermic engine {flame, freeze}
 22793 | Lair:6   | Reached skill level 5 in Earth Magic
 22964 | Lair:6   | Learned a level 4 spell: Petrify
 22968 | Lair:6   | Noticed a dire elephant
 22968 | Lair:6   | Noticed a dire elephant
 22978 | Lair:6   | Banished a dire elephant
 22978 | Lair:6   | Reached skill level 1 in Transmutations
 22999 | Lair:6   | Killed a dire elephant
 23527 | D:10     | Entered Level 10 of the Dungeon
 23724 | D:10     | Found a flagged portal.
 23736 | Bailey   | Entered a bailey
 23742 | Bailey   | Noticed an orc warlord
 23909 | Bailey   | Found a runed translucent gate.
 23911 | Bailey   | Found a runed translucent gate.
 23916 | Bailey   | Found a runed translucent gate.
 24165 | Bailey   | Noticed a dire elephant
 24165 | Bailey   | an orc warlord changed into a dire elephant
 24257 | D:10     | Got the ring "Hiumyir" {rPois rC+ MP+9 Dex+6}
 24261 | D:10     | Got the ring of Zaworph {rF+ Int-5 Dex+6}
 24326 | D:10     | Found Qofoq's Magic Scroll Shoppe.
 24847 | D:11     | Noticed Erolcha
 24852 | D:11     | Killed Erolcha
 24967 | D:11     | Found Nakhit's Armour Shop.
 24967 | D:11     | Found a staircase to the Orcish Mines.
 24969 | D:11     | Found Gaikhlel's Weapon Shop.
 25314 | D:11     | Bought +0 steam dragon scales for 600 gold pieces
 25363 | D:11     | Got a scintillating brass ring
 25365 | D:11     | Identified the ring "Vuatexoja" {Fire +Inv rElec Str-2
                  | Slay+6} (You found it on level 11 of the Dungeon)
 25596 | D:11     | You fall into a shaft and drop 2 floors!
 25598 | D:13     | Found Hecrid's Weapon Boutique.
 25673 | D:13     | Reached XP level 14. HP: 65/74 MP: 24/24
 25723 | D:13     | Found Opsiqaqi's Antique Weapon Shop.
 25847 | D:13     | Found Tasch's General Store.
 26002 | D:12     | Reached skill level 5 in Transmutations
 26722 | D:12     | Reached skill level 1 in Spellcasting
 27000 | D:12     | Found Niarett's Gadget Shop.
 27036 | D:11     | Learned a level 5 spell: Lee's Rapid Deconstruction
 27178 | Orc:1    | Entered Level 1 of the Orcish Mines
 27178 | Orc:1    | Noticed Fannar
 27198 | Orc:1    | Killed Fannar
 27237 | Orc:1    | Noticed Urug
 27503 | D:11     | Killed Urug
 27628 | Orc:1    | Noticed Maurice
 27777 | Orc:1    | Killed Maurice
 27793 | Orc:1    | Noticed an orc warlord
 27799 | Orc:1    | Corrupted Orc:1
 27799 | Orc:1    | Noticed a tentacled starspawn
 27799 | Orc:1    | Noticed a starcursed mass
 27799 | Orc:1    | Noticed a starcursed mass
 27799 | Orc:1    | Noticed a Hell Sentinel
 27822 | Orc:1    | Killed an orc warlord
 27902 | Orc:1    | Noticed a Hell Sentinel
 27922 | Orc:1    | Noticed a tentacled starspawn
 27993 | Orc:1    | You fall into a shaft and drop 1 floor!
 27993 | Orc:2    | Entered Level 2 of the Orcish Mines
 29192 | Orc:2    | Reached skill level 5 in Spellcasting
 29998 | Orc:2    | Reached skill level 12 in Dodging
 30910 | Orc:2    | Found Koguleol's Antique Armour Boutique.
 30912 | Orc:2    | Found Gaulehibeim's Antique Weapon Shop.
 30912 | Orc:2    | Found Wetawnit's Gadget Boutique.
 30913 | Orc:2    | Found Yxavveitz's Food Boutique.
 31135 | Orc:2    | Found a staircase to the Elven Halls.
 31159 | Orc:2    | Noticed Josephine
 31183 | Orc:2    | Killed Josephine
 31229 | Orc:2    | Noticed a stone giant
 31244 | Orc:2    | Killed a stone giant
 31316 | Orc:2    | Reached XP level 15. HP: 66/79 MP: 26/26
 31604 | Orc:2    | Bought the +12 Vampire's Tooth {vamp} for 1740 gold pieces
 31604 | Orc:2    | Found the +12 Vampire's Tooth {vamp}
 31997 | D:13     | Found Zubroil's Assorted Antiques.
 32159 | D:13     | Reached skill level 13 in Dodging
 32321 | D:14     | Found a gate to the Vaults.
 32417 | D:14     | Found a hide-covered altar of Uskayaw.
 32470 | D:14     | Found a sacrificial altar of Ru.
 33440 | D:15     | Entered Level 15 of the Dungeon
 33479 | D:15     | Learned a level 6 spell: Iron Shot
 33827 | D:15     | Found a staircase to the Depths.
 33827 | D:15     | Noticed a fire giant
 33830 | D:15     | Banished a fire giant
 34115 | D:15     | Found a portal to a secret trove of treasure.
 34377 | Shoals:1 | Entered Level 1 of the Shoals
 34387 | Shoals:1 | Reached skill level 14 in Dodging
 35495 | Shoals:2 | Reached skill level 10 in Fighting
 35645 | Shoals:2 | Noticed Frances
 35652 | Shoals:2 | Killed Frances
 35652 | Shoals:2 | Reached skill level 15 in Dodging
 35973 | Shoals:3 | Noticed Nikola
 36212 | Abyss:1  | Killed Grinder
 36267 | Shoals:3 | Escaped the Abyss
 36286 | Shoals:2 | Killed Nikola
 36286 | Shoals:2 | Reached XP level 16. HP: 85/85 MP: 27/27
 36483 | Shoals:3 | Reached skill level 10 in Earth Magic
 36735 | Shoals:3 | Noticed Polyphemus
 36839 | Shoals:2 | Reached skill level 16 in Dodging
 36860 | Shoals:2 | Killed Polyphemus
 38023 | Shoals:4 | Entered Level 4 of the Shoals
 38084 | Shoals:4 | Found a shadowy altar of Dithmenos.
 38325 | Shoals:4 | Corrupted Shoals:4
 38325 | Shoals:4 | Noticed a bone dragon
 38325 | Shoals:4 | Noticed a tentacled starspawn
 38425 | Shoals:4 | Identified the +11 short sword of Watchfulness {freeze,
                  | Int+3} (You found it on level 4 of the Shoals)
 38473 | Shoals:4 | Got a barnacled rune of Zot
 38488 | Shoals:4 | Found Titunw Zaeg's Book Shoppe.
 38577 | Shoals:4 | Found Gesot's Gadget Shop.
 38585 | Shoals:4 | Bought a wand of clouds (5) for 378 gold pieces
 38585 | Shoals:4 | Bought a wand of acid (6) for 280 gold pieces
 38586 | Shoals:4 | Found Atyuv's Antique Armour Shoppe.
 38643 | Shoals:4 | Reached skill level 17 in Dodging
 38895 | Shoals:4 | Found Omiyk's General Store.
 39035 | Shoals:4 | Identified the ring of Liberty {Str+7 Int+6} (You found it
                  | on level 4 of the Shoals)
 39480 | Snake:1  | Entered Level 1 of the Snake Pit
 39499 | Snake:1  | Reached skill level 1 in Conjurations
 39917 | Snake:1  | Reached XP level 17. HP: 89/89 MP: 29/29
 40360 | Snake:2  | Found a flickering gateway to a bazaar.
 40370 | Bazaar   | Entered a bazaar
 40371 | Bazaar   | Found Giam's Magic Scroll Boutique.
 40380 | Bazaar   | Found Xouleqo's Antique Armour Shoppe.
 40392 | Bazaar   | Found Vanov's Jewellery Shoppe.
 40423 | Bazaar   | Found Cianok's General Store.
 40580 | Snake:2  | Reached skill level 18 in Dodging
 40769 | Snake:2  | Reached skill level 15 in Invocations
 41659 | Snake:3  | Noticed Vashnia
 41711 | Snake:3  | Killed Vashnia
 41957 | Snake:3  | Found Ijubos's Antique Armour Shop.
 41960 | Snake:3  | Noticed Azrael
 42121 | Snake:2  | Killed Azrael
 42121 | Snake:2  | Reached skill level 19 in Dodging
 42165 | Snake:3  | Reached skill level 5 in Conjurations
 42210 | Snake:3  | Identified the +1 robe "Esikkoi" {*Drain rC+ Dex+4} (You
                  | found it on level 3 of the Snake Pit)
 42479 | Snake:3  | Noticed Aizul
 42503 | Snake:3  | Killed Aizul
 42558 | Snake:4  | Entered Level 4 of the Snake Pit
 42797 | Snake:4  | Corrupted Snake:4
 42896 | Snake:4  | Reached XP level 18. HP: 93/93 MP: 30/30
 43609 | Snake:4  | Got a serpentine rune of Zot
 44417 | Vaults:1 | Entered Level 1 of the Vaults
 44546 | Vaults:1 | Reached skill level 10 in Transmutations
 44782 | Vaults:1 | Reached skill level 10 in Slings
 45348 | Vaults:1 | Learned a level 6 spell: Statue Form
 45484 | Vaults:1 | Learned a level 2 spell: Blink
 45892 | Vaults:1 | Reached skill level 20 in Dodging
 46189 | Vaults:1 | Reached XP level 19. HP: 98/98 MP: 31/31
 46547 | Vaults:2 | Noticed a bone dragon
 46549 | Vaults:2 | Found a staircase to the Crypt.
 46590 | Vaults:2 | Banished a bone dragon
 49194 | Vaults:3 | Reached XP level 20. HP: 104/104 MP: 32/32
 49385 | Vaults:3 | Reached skill level 10 in Conjurations
 51337 | Vaults:4 | Reached skill level 15 in Earth Magic
 51804 | Vaults:4 | Reached XP level 21. HP: 109/109 MP: 33/33
 52101 | Vaults:4 | Reached skill level 1 in Armour
 52345 | D:10     | Bought a scroll of enchant armour for 97 gold pieces
 52407 | D:13     | Bought a scroll of enchant armour for 120 gold pieces
 52607 | Shoals:4 | Noticed Bai Suzhen
 52625 | Shoals:4 | Killed Bai Suzhen
 52634 | Shoals:4 | Bought a scroll of enchant armour for 127 gold pieces
 52657 | Shoals:4 | Bought a spiked cloak for 370 gold pieces
 52659 | Shoals:4 | Identified the +2 cloak "Moliosonk" {Int+2} (You bought it
                  | in a shop on level 4 of the Shoals)
 52944 | Crypt:1  | Entered Level 1 of the Crypt
 54179 | Crypt:1  | Found a shimmering blue altar of Sif Muna.
 54189 | Crypt:1  | Identified the amulet "Ituczuac" {RegenMP Str+4}
 55263 | Crypt:2  | Reached skill level 1 in Translocations
 55336 | Crypt:2  | Noticed Khufu
 55337 | Crypt:2  | Corrupted Crypt:2
 55337 | Crypt:2  | Noticed a greater mummy
 55384 | Abyss:1  | Killed Duvessa
 55791 | Abyss:2  | Found a shattered altar of Ashenzari.
 55901 | Abyss:4  | Found a corrupted altar of Lugonu.
 56215 | Abyss:4  | Reached skill level 5 in Translocations
 56218 | Abyss:4  | Found a corrupted altar of Lugonu.
 56220 | Abyss:4  | Reached skill level 5 in Armour
 56275 | Abyss:4  | Got an abyssal rune of Zot
 56283 | Crypt:2  | Escaped the Abyss
 56670 | Crypt:2  | Noticed Frederick
 56678 | Crypt:2  | Killed Frederick
 56697 | Crypt:2  | Killed a greater mummy
 56707 | Crypt:2  | Learned a level 7 spell: Orb of Destruction
 57121 | Crypt:2  | Noticed Saint Roka
 57160 | Crypt:2  | Reached XP level 22. HP: 106/116 MP: 35/35
 57188 | Crypt:2  | Killed Saint Roka
 57487 | Crypt:2  | Banished Khufu
 57752 | Crypt:3  | Entered Level 3 of the Crypt
 57909 | Crypt:3  | Found a basalt altar of Yredelemnul.
 59749 | Crypt:3  | Found a staircase to the Tomb.
 59749 | Crypt:3  | Noticed a greater mummy
 59756 | Crypt:3  | Banished a greater mummy
 60771 | Crypt:3  | Identified Ubbin's Compendium of Dislocation and Attacks
 60994 | Crypt:3  | Reached skill level 10 in Spellcasting
 61570 | D:15     | You paid a toll of +4 fire dragon scales to enter a
                  | treasure trove
 61571 | Trove    | Entered a treasure trove
 61947 | Snake:3  | Bought a shimmering cloak for 342 gold pieces
 61947 | Snake:3  | Identified the -5 cloak of Wugregit {-Cast Harm rF+ Stlth+}
                  | (You bought it in a shop on level 3 of the Snake Pit)
 61957 | Snake:3  | Learned a level 7 spell: Spellforged Servitor
 62194 | Elf:1    | Entered Level 1 of the Elven Halls
 62983 | Elf:2    | Noticed Asterion
 62990 | Elf:2    | Killed Asterion
 63197 | Elf:2    | Found a runed translucent gate.
 63198 | Elf:2    | Found a runed translucent gate.
 63199 | Elf:2    | Found a runed translucent gate.
 63199 | Elf:2    | Noticed Agnes
 63215 | Elf:2    | Killed Agnes
 63378 | Elf:2    | Found a ruined gateway.
 63582 | Elf:2    | Reached XP level 23. HP: 104/123 MP: 38/38
 64097 | Elf:3    | Entered Level 3 of the Elven Halls
 64119 | Elf:3    | Found a shimmering blue altar of Sif Muna.
 64340 | Elf:3    | Identified the +1 robe "Waigijugg" {Str+3} (You found it on
                  | level 3 of the Elven Halls)
 65119 | Elf:3    | Corrupted Elf:3
 65448 | Elf:3    | Identified the cursed +1 hunting sling "Vaffue Tonot"
                  | {freeze, Str+2} (You found it on level 3 of the Elven
                  | Halls)
 65467 | Elf:3    | Found the +8 orange crystal plate armour {Archmagi, Int+3
                  | Clar}
 65514 | Elf:3    | Identified the ring of the Crown {Ice rPois Int+5 Dex-2
                  | Slay+2} (You found it on level 3 of the Elven Halls)
 65516 | Elf:3    | Identified the ring "Duumeag" {Fire Str+3 Int+2 Stlth+}
                  | (You found it on level 3 of the Elven Halls)
 65518 | Elf:3    | Identified the ring "Unuoschoff" {rF+ rC+ rN++ Int-2} (You
                  | found it on level 3 of the Elven Halls)
 66083 | Vaults:5 | Entered Level 5 of the Vaults
 66134 | Vaults:5 | Corrupted Vaults:5
 66376 | Vaults:5 | Reached skill level 10 in Stealth
 67704 | Vaults:5 | Got a silver rune of Zot
 68007 | Vaults:5 | Noticed an ancient lich
 68026 | Vaults:5 | Banished an ancient lich
 68026 | Vaults:5 | Reached skill level 15 in Fighting
 68267 | Vaults:5 | Identified the ring "Bisavefekh" {+Blink rF- rC+ Stlth-}
 68288 | Vaults:5 | Reached skill level 1 in Summonings
 68478 | Vaults:5 | Reached XP level 24. HP: 119/131 MP: 38/38
 68493 | Vaults:5 | Reached skill level 15 in Evocations
 68680 | Vaults:5 | Identified the cursed +1 glaive of the Crypt {vorpal, +Inv
                  | rPois rN+ Int-2}
 68680 | Vaults:5 | Identified the cursed +3 war axe of Xom's Condemnation
                  | {pain, rPois Str+4 Dex+3}
 69000 | Vaults:5 | Identified the Papyrus of the Vitriolic Rocks
 69250 | Vaults:5 | Identified the +7 scythe of Coskomut {venom, *Drain rN+
                  | Str+4}
 69660 | Vaults:5 | Identified the Tome of Helpful Combat Magic
 69759 | Vaults:5 | Identified the +8 short sword of Modern Blind Justice
                  | {freeze, rPois}
 69759 | Vaults:5 | Identified the ring "Qobapes" {+Fly Str-4 Int+2 Dex+3}
 69897 | Depths:1 | Entered Level 1 of the Depths
 71394 | Depths:1 | Found a stormy altar of Qazlal.
 71394 | Depths:1 | Found a shimmering altar of Xom.
 71469 | Depths:1 | Found an iron altar of Okawaru.
 71469 | Depths:1 | Found a glowing silver altar of Zin.
 71507 | Depths:1 | Reached skill level 15 in Conjurations
 71544 | Depths:1 | Reached skill level 5 in Summonings
 71627 | Depths:1 | Found a gateway to Hell.
 72237 | Depths:2 | Found a one-way gate leading to the halls of Pandemonium.
 72843 | Depths:2 | Reached XP level 25. HP: 131/135 MP: 38/38
 73464 | Depths:2 | Found Nytonyd's Weapon Boutique.
 73532 | Depths:2 | Found a one-way gate to the infinite horrors of the Abyss.
 73533 | Depths:2 | Noticed Louise
 73579 | Depths:2 | Killed Louise
 74136 | Depths:3 | Noticed Margery
 74162 | Depths:3 | Killed Margery
 74213 | Depths:3 | Found Faenoiss's Jewellery Emporium.
 74213 | Depths:3 | Found Maseimid's Antique Armour Shoppe.
 74228 | Depths:3 | Bought the amulet of Ublut {Reflect rC+ MR+ SH+5} for 992
                  | gold pieces
 75431 | Depths:4 | Found a gateway to a ziggurat.
 75832 | Depths:4 | Killed from afar by a water nymph

Illustrated notes

Levels and vault maps discovered:
D:1:      heliophobic_arrival_dark_side_of_the_moon, layout_basic, minmay_cupped
D:2:      minmay_razor_zed, layout_loops_corners, grunt_gozag_statues,
          uniq_sigmund
D:3:      cheibrodos_thug_alley, layout_basic, yredelemnul_altar_generic
D:4:      layout_basic, lemuel_temple_firewalk_b, gup_sewer_entry_glass,
          uniq_pikel
D:5:      layout_basic, first_ration, fedhas_bush_and_centaur_altar,
          uniq_grinder
D:6:      layout_loops_corners, lightli_corner_chamber, uniq_duvessa
D:7:      layout_loops_ring, lemuel_tele_altar
D:8:      layout_rooms, nicolae_overflow_crystal_walls, uniq_harold,
          uniq_prince_ribbit1
D:9:      layout_gridville, lair_entry_dummy
D:10:     layout_roguey, serial_shops, shop_fountains, enter_bailey_3
D:11:     layout_roguey, orc_david_3, uniq_erolcha
D:12:     layout_roguey, serial_shops, kennysheep_mini, hangedman_stone_soup,
          grunt_decor_fettered
D:13:     layout_irregular_city, serial_shops, nicolae_shop_crystal, shop, shop,
          nicolae_shop_crystal, serial_park_tiny_2
D:14:     layout_cave_pods, skrybe_vaults_entry_preservation,
          hangedman_ru_absence, basic_altar, minmay_holes
D:15:     grunt_enter_depths_giant_problem, layout_rooms, enter_trove_3,
          minmay_misc_feat_x, einodemon_armed_red_devil_minivault
Lair:1:   layout_roguey, st_stairs_11, grunt_forest_large_clearings, uniq_erica
Lair:2:   layout_chaotic_city, shoals_dummy_entry, minivault_27
Lair:3:   layout_regular_city
Lair:4:   layout_misc_corridors, guppyfry_snake_entry_island,
          nicolae_lair_grove_arrangements, infiniplex_staircase_pool_2,
          lemuel_fruit_tree
Lair:5:   layout_big_grid, beast_lair_carwin_11, uniq_rupert
Lair:6:   due_jungle_book, layout_concentric_octagons,
          minmay_slime_entry_pillars, special_room [special_room_mythical_zoo],
          minmay_lair_oklob_chamber
Shoals:1: layout_shoals
Shoals:2: layout_shoals, uniq_frances
Shoals:3: layout_shoals, st_sunken_huts, uniq_polyphemus, uniq_nikola
Shoals:4: shoals_end_simple, layout_shoals, serial_shops, shop, shop, shop,
          nicolae_shop_statue_plus, lemuel_altar_in_water, uniq_bai_suzhen
Snake:1:  layout_rooms, grunt_ministairs_11, serial_bayou_shore_a
Snake:2:  layout_onion, serial_shops, bzr_in_the_mist, st_stairs_7,
          grunt_ministairs_3
Snake:3:  layout_grid_maze, serial_shops, shop, nicolae_snake_squiggles,
          uniq_aizul, uniq_vashnia, uniq_azrael
Snake:4:  snake_pit, layout_chambers
Orc:1:    layout_diamond_mine, basic_altar, special_room [special_room_bee],
          sword_in_stone, uniq_maurice, uniq_fannar
Orc:2:    st_orc_pillars, layout_diamond_mine, nooodl_orcs_dogs, uniq_josephine
Elf:1:    minmay_elf_arrival_summoners, layout_loops_cross,
          hangedman_elf_represent, nrook_uturn,
          nicolae_elf_glass_and_crystal_pillar_1, drop_trap, grunt_ministairs_9
Elf:2:    layout_geoelf_diagonals, portal_desolation_entry_salt, uniq_asterion,
          uniq_agnes
Elf:3:    minmay_elf_hall_dome, layout_geoelf_castle, st_stairs_4, tgw_sif
Vaults:1: nicolae_vaults_minivaults, ontoclasm_vaults_ligature,
          ontoclasm_vaults_claustrophobia, v_misc_5, hangedman_vaults_nails,
          vaults_dpeg_cross, hangedman_vaults_corner, hangedman_vaults_nails,
          layout_vaults_omnicross
Vaults:2: vaults_room_pool, v_pattern_1, ontoclasm_vaults_eye, v_misc_13,
          vaults_mumra_chevron_long, v_misc_8, nicolae_vaults_circle_grid_a,
          nicolae_vaults_little_squares_1, vaults_room_hallway,
          nicolae_vaults_yaktaur_gun_rack, nicolae_vaults_network_star,
          v_misc_1, vaults_room_semicircle, layout_vaults_ring,
          minmay_crypt_entry_nasty_monster
Vaults:3: nicolae_vaults_theta, nicolae_vaults_an_arrangement,
          vaults_room_stairs_pillars, grunt_vaults_focal,
          hangedman_vaults_variations, v_rooms_6, grunt_vaults_diagonal,
          nicolae_vaults_three_branches, vaults_room_corners,
          vaults_mumra_hexcomb, layout_vaults_chaotic_city
Vaults:4: hangedman_vaults_cutoff, nicolae_vaults_big_ls,
          vaults_mumra_minichess, vaults_room_corners, v_misc_18, v_pattern_2,
          vaults_dpeg_encased_lava, v_misc_17, layout_vaults_maze
Vaults:5: serial_shops
Crypt:1:  layout_chaotic_city, hangedman_summoners_spam, grunt_megastairs_2
Crypt:2:  layout_basic, mu_enter_wizlab_3, grunt_megastairs_3, uniq_saint_roka,
          uniq_khufu, uniq_frederick
Crypt:3:  evilmike_haunted_forest
Depths:1: minmay_the_grid_octo_tiled_squarecenter_mashed
          [minmay_the_grid_octo_empty, minmay_the_grid_octo_thin_diamonds,
          minmay_the_grid_octo_shrine, minmay_the_grid_octo_fan_narrow,
          minmay_the_grid_square_5x5_megaprize_open,
          minmay_the_grid_square_5x5_plus,
          minmay_the_grid_square_5x5_broken_cross,
          minmay_the_grid_square_5x5_hourglass,
          minmay_the_grid_square_5x5_slash], layout_small_grid, hell_entry,
          chequers_serial_rivers_small_a, chequers_serial_rivers_small_a,
          chequers_serial_rivers_micro_b, lightli_fourway_metalbox
Depths:2: grunt_bent_corner, layout_cave_shapes, chequers_serial_rivers_micro_e,
          rand_demon_pan_entry_3, nicolae_abyss_entry_one_way_or_another,
          hell_entry, minmay_staircase_bubble, minmay_shop_star
Depths:3: kennysheep_blocky_hall, layout_gridlike, pan_entry, hell_entry,
          hex_medium, minmay_shoptagon, infiniplex_staircase_door_maze,
          serial_bayou_shore_b, uniq_margery
Depths:4: grunt_forest_end_winery, layout_basic, enter_ziggurat_e,
          abyss_entry_crystal, pf_hell_entry_tar_spiral, lightli_giant_bouncers,
          infiniplex_staircase_zigzag_3, uniq_mennas

Skill      XL: |  1  2  3  4  5  6  7  8  9 10 11 12 13 14 15 16 17 18 19 20 21 22 23 24 25 |
---------------+----------------------------------------------------------------------------+-----
Invocations    | 2 3 4 5 7 8 10 11 12 13 14 15 16 | 16.3
Stealth        | 1 2 3 4 5 6 8 11 12 | 12.0
Dodging        | 4 5 6 7 9 10 11 12 15 17 19 20 | 20.4
Short Blades   | 3 4 5 6 7 9 10 | 10.0
Slings         | 2 4 5 7 9 10 12 13 14 | 14.0
Fighting       | 4 6 7 8 9 10 11 12 13 15 | 15.0
Evocations     | 3 6 10 11 14 17 18 | 18.8
Shields        | 4 6 7 |  7.2
Earth Magic    | 1 5 7 9 11 12 13 15 | 15.2
Transmutations | 4 6 8 11 | 11.0
Spellcasting   | 5 8 10 | 10.0
Conjurations   | 1 5 8 9 11 12 13 14 15 16 | 16.1
Armour         | 5 |  5.0
Translocations | 5 |  5.0
Summonings     | 1 7 9 |  9.1

Action                   |  1- 3 |  4- 6 |  7- 9 | 10-12 | 13-15 | 16-18 | 19-21 | 22-24 | 25-27 || total
-------------------------+-------+-------+-------+-------+-------+-------+-------+-------+-------++-------
Melee: Short sword       |   182 |   231 |       |       |       |       |       |       |       ||   413
       Dagger            |       |    22 |   422 |   773 |   973 |       |   270 |   373 |     9 ||  2842
       Peck              |       |     9 |    45 |   135 |   373 |   763 |   893 |   916 |   278 ||  3412
       Quick blade       |       |       |       |       |   699 |  2784 |  2502 |  2615 |   869 ||  9469
 Fire: Hunting sling     |     3 |    10 |    32 |     2 |       |       |       |       |       ||    47
       Fustibalus        |       |       |       |    15 |   102 |     7 |   162 |   356 |     5 ||   647
Throw: Dart              |       |     5 |    13 |    33 |     8 |    15 |     8 |       |       ||    82
       Throwing net      |       |       |       |       |     3 |       |     1 |     1 |       ||     5
 Cast: Petrify           |       |       |       |       |     1 |     1 |       |       |       ||     2
       Lee's Rapid Decon |       |       |       |       |       |       |    21 |     4 |       ||    25
       Statue Form       |       |       |       |       |       |       |    10 |     3 |       ||    13
       Blink             |       |       |       |       |       |       |     4 |       |     1 ||     5
       Iron Shot         |       |       |       |       |       |       |     4 |    12 |       ||    16
       Orb of Destructio |       |       |       |       |       |       |       |     1 |       ||     1
Invok: Banish            |       |     1 |     2 |     2 |    11 |     2 |     5 |       |       ||    23
       Bend Space        |       |       |     4 |     2 |       |       |       |       |       ||     6
       Brand Weapon With |       |       |       |     1 |       |       |       |       |       ||     1
       Corrupt           |       |       |       |       |     1 |     2 |     1 |     2 |       ||     6
       Enter the Abyss   |       |       |       |       |     1 |       |     1 |       |       ||     2
 Abil: Evoke Invisibilit |       |       |       |       |     3 |     1 |     1 |     2 |       ||     7
Evoke: Wand              |       |     8 |     8 |     1 |    17 |     4 |     8 |     4 |       ||    50
       Box of beasts     |       |       |       |       |     1 |       |       |       |     1 ||     2
       Lightning rod     |       |       |       |       |       |     1 |     4 |       |     4 ||     9
       Tin of tremorston |       |       |       |       |       |       |     1 |     1 |       ||     2
  Use: Scroll            |     4 |     7 |    13 |     3 |    17 |    17 |    15 |    15 |     3 ||    94
       Potion            |     2 |     4 |     3 |       |     5 |     2 |     5 |     5 |     1 ||    27
 Stab: Sleeping          |     2 |     5 |    19 |    31 |    39 |    16 |    19 |    39 |     7 ||   177
       Distracted        |       |       |       |       |     8 |     4 |     3 |    15 |     4 ||    34
       Petrified         |       |       |       |       |     2 |       |       |       |       ||     2
       Invisible         |       |       |       |       |     1 |       |    18 |    14 |       ||    33
       Held in net/web   |       |       |       |       |     4 |       |     3 |       |       ||     7
  Eat: Ration            |       |     2 |     4 |     5 |    13 |     9 |    18 |    16 |     2 ||    69
Armor: Robe              |    17 |    12 |    33 |    35 |    12 |       |       |       |       ||   109
       Steam dragon scal |       |       |       |       |    59 |    73 |    56 |    86 |       ||   274
       Skin              |       |       |       |       |       |       |    27 |    16 |       ||    43
       Quicksilver drago |       |       |       |       |       |       |       |    30 |    33 ||    63
Dodge: Dodged            |   138 |   170 |   336 |   582 |   675 |  1139 |  1233 |  1341 |   315 ||  5929
Block: Other             |       |     1 |       |       |       |       |       |       |       ||     1
       Buckler           |       |       |       |    35 |   346 |   514 |   560 |   544 |   198 ||  2197
       Reflection        |       |       |       |       |       |       |       |       |    12 ||    12

Table legend:
 A = Non-vault XP
 B = Vault XP
 C = Vault XP percentage of total XP
 D = Non-vault monster count
 E = Vault monster count
 F = Vault count percentage of total count
                 A         B        C        D         E       F
            +---------+---------+-------+---------+---------+-------
      Total |  649429 |  589223 |  47.6 |    1512 |     922 |  37.9
            +---------+---------+-------+---------+---------+-------
        D:1 |      50 |       4 |   7.4 |      26 |       3 |  10.3
        D:2 |      83 |     268 |  76.4 |      30 |      20 |  40.0
        D:3 |     177 |     106 |  37.5 |      32 |       7 |  17.9
        D:4 |     332 |     694 |  67.6 |      20 |       5 |  20.0
        D:5 |     445 |     264 |  37.2 |      15 |       2 |  11.8
        D:6 |     394 |     353 |  47.3 |      10 |       5 |  33.3
        D:7 |    1433 |       0 |   0.0 |      23 |       0 |   0.0
        D:8 |    2220 |    1222 |  35.5 |      24 |       2 |   7.7
        D:9 |    2965 |    2632 |  47.0 |      45 |      22 |  32.8
       D:10 |     801 |       8 |   1.0 |       8 |       4 |  33.3
       D:11 |    2951 |    1851 |  38.5 |      28 |       6 |  17.6
       D:12 |    7505 |     690 |   8.4 |      41 |       4 |   8.9
       D:13 |    9931 |       0 |   0.0 |      45 |       0 |   0.0
       D:14 |    6753 |    4935 |  42.2 |      27 |       9 |  25.0
       D:15 |    2578 |    2191 |  45.9 |      16 |       5 |  23.8
     Lair:1 |    3446 |    1931 |  35.9 |      13 |       8 |  38.1
     Lair:2 |    1729 |       0 |   0.0 |       8 |       0 |   0.0
     Lair:3 |    2619 |       0 |   0.0 |      11 |       0 |   0.0
     Lair:4 |    6063 |     471 |   7.2 |      21 |       3 |  12.5
     Lair:5 |    5218 |    3183 |  37.9 |      24 |       3 |  11.1
     Lair:6 |   10679 |    8753 |  45.0 |      37 |      31 |  45.6
   Shoals:1 |   12097 |       0 |   0.0 |      27 |       0 |   0.0
   Shoals:2 |   10956 |   12483 |  53.3 |      22 |       7 |  24.1
   Shoals:3 |   12355 |    7124 |  36.6 |      22 |       9 |  29.0
   Shoals:4 |   16300 |   17680 |  52.0 |      36 |      26 |  41.9
    Snake:1 |   12718 |     609 |   4.6 |      27 |       2 |   6.9
    Snake:2 |   21589 |    3193 |  12.9 |      40 |       8 |  16.7
    Snake:3 |   24463 |   10756 |  30.5 |      42 |       8 |  16.0
    Snake:4 |   22330 |    7822 |  25.9 |      43 |      12 |  21.8
      Orc:1 |    1917 |    2129 |  52.6 |      11 |       5 |  31.2
      Orc:2 |    7161 |   15018 |  67.7 |      53 |      91 |  63.2
      Elf:1 |    8374 |   10948 |  56.7 |      11 |      16 |  59.3
      Elf:2 |   13331 |   28365 |  68.0 |      18 |      34 |  65.4
      Elf:3 |   13002 |    3834 |  22.8 |      27 |       5 |  15.6
   Vaults:1 |   47557 |   20586 |  30.2 |      90 |      36 |  28.6
   Vaults:2 |   35035 |   18726 |  34.8 |      72 |      25 |  25.8
   Vaults:3 |   45200 |   21817 |  32.6 |      73 |      27 |  27.0
   Vaults:4 |   64969 |   32637 |  33.4 |      80 |      43 |  35.0
   Vaults:5 |   45295 |   98831 |  68.6 |      62 |      63 |  50.4
    Crypt:1 |   31210 |    9197 |  22.8 |      58 |      17 |  22.7
    Crypt:2 |   26127 |   26643 |  50.5 |      35 |      30 |  46.2
    Crypt:3 |       0 |   70025 | 100.0 |       0 |      98 | 100.0
   Depths:1 |   32883 |   24350 |  42.5 |      55 |      26 |  32.1
   Depths:2 |   26395 |   79594 |  75.1 |      29 |      83 |  74.1
   Depths:3 |   27092 |   11248 |  29.3 |      27 |      10 |  27.0
   Depths:4 |    9525 |    6967 |  42.2 |      17 |      10 |  37.0
    Abyss:1 |    6039 |    1095 |  15.3 |      17 |       3 |  15.0
    Abyss:2 |     799 |       0 |   0.0 |       4 |       0 |   0.0
    Abyss:3 |    1039 |       0 |   0.0 |       2 |       0 |   0.0
    Abyss:4 |    5299 |   17104 |  76.3 |       8 |      15 |  65.2
      Sewer |       0 |     420 | 100.0 |       0 |      48 | 100.0
     Bailey |       0 |     466 | 100.0 |       0 |      26 | 100.0
            +---------+---------+-------+---------+---------+-------
